 Dungeon Crawl Stone Soup version 0.23-a0-275-g0cf4261 (webtiles) character file.

548 Amnesiac the Ducker (level 7, -7/44 HPs)
             Began as a Deep Elf Fighter on Oct 2, 2018.
             Was an Initiate of Okawaru.
             Mangled by an ogre
             ... wielding a +0 giant spiked club
              (19 damage)
             ... on level 5 of the Dungeon.
             The game lasted 00:09:19 (5086 turns).

Amnesiac the Ducker (Deep Elf Fighter)              Turns: 5086, Time: 00:09:20

Health: -7/44      AC: 16    Str: 15    XL:     7   Next: 7%
Magic:  9/9        EV:  9    Int: 13    God:    Okawaru [......]
Gold:   286        SH:  8    Dex: 14    Spells: 1/6 levels left

rFire    . . .     SeeInvis .   a - +4 mace (protect)
rCold    . . .     Gourm    .   c - +0 shield
rNeg     . . .     Faith    +   q - +1 scale mail
rPois    +         Spirit   .   (no helmet)
rElec    .         Reflect  .   g - +0 cloak
rCorr    .         Harm     .   (no gloves)
MR       .....                  (no boots)
Stlth    ..........             p - amulet of faith
HPRegen  0.14/turn              h - ring of poison resistance
MPRegen  0.11/turn              (no ring)

@: protection aura
A: no striking features
a: Renounce Religion


You were on level 5 of the Dungeon.
You worshipped Okawaru.
Okawaru was noncommittal.
You were not hungry.

You visited 2 branches of the dungeon, and saw 6 of its levels.

You collected 286 gold pieces.

Inventory:

Hand Weapons
 a - a +4 mace of protection (weapon)
 b - a +0 hunting sling
 w - a +0 blowgun
Missiles
 r - 136 stones (quivered)
 s - 54 poisoned needles
 x - 86 arrows
Armour
 c - a +0 shield (worn)
 g - a +0 cloak (worn)
 q - a +1 scale mail (worn)
Jewellery
 h - a ring of poison resistance (left hand)
 p - an amulet of faith (around neck)
 t - an uncursed ring of fire
Scrolls
 j - a scroll of enchant armour {!r}
 k - 2 scrolls of remove curse {!r}
 l - a scroll of teleportation {!r}
 m - 2 scrolls of amnesia {!r}
 o - 2 scrolls of fear {!r}
 y - 3 scrolls of fog {!r}
 z - 5 scrolls of blinking {!r}
Potions
 d - 2 potions of might {!q}
 e - 3 potions of curing {!q}
 i - a potion of resistance {!q}
 n - 2 potions of magic {!q}
 u - a potion of degeneration {!q, unknown}
 v - a potion of flight {!q}
 A - a potion of invisibility {!q, unknown}
Comestibles
 f - 8 rations
 B - 3 chunks of flesh


   Skills:
 * Level 4.4 Fighting
   Level 2.0 Long Blades
 * Level 4.4 Armour
 + Level 4.5 Dodging
 - Level 2.4 Shields


You had one spell level left.
You knew the following spells:

 Your Spells              Type           Power        Failure   Level  Hunger
e - Mephitic Cloud        Conj/Pois/Air  #.......     100%        3    ####...
v - Blink                 Tloc           N/A          100%        2    ###....

Your spell library contained the following spells:

 Spells                   Type           Power        Failure   Level  Hunger
 Beastly Appendage        Tmut           #.....       99%         1    ##.....
 Magic Dart               Conj           #...         99%         1    ##.....
 Call Imp                 Summ           #.......     100%        2    ###....
 Slow                     Hex            #.......     100%        2    ###....
 Sticks to Snakes         Tmut           #.......     100%        2    ###....
 Conjure Flame            Conj/Fire      #.......     100%        3    ####...
 Spider Form              Tmut/Pois      #.........   100%        3    ####...
 Ice Form                 Ice/Tmut       #.......     100%        4    #####..
 Blade Hands              Tmut           #.........   100%        5    ######.


Dungeon Overview and Level Annotations

Branches:
Dungeon (5/15)             Temple (1/1) D:4

Altars:
Ashenzari
Cheibriados
Dithmenos
Elyvilon
Fedhas
Gozag
Hepliaklqana
Makhleb
Okawaru
Qazlal
Ru
Sif Muna
Trog
Uskayaw
Vehumet
Wu Jian
Xom
Yredelemnul
Zin
The Shining One

Annotations:
D:3 Pikel


Message History

The orc wizard casts a spell at you.
You easily resist.
You hit the orc wizard.
The orc wizard is heavily wounded.
You block the orc wizard's attack. x2
You closely miss the orc wizard.
The orc wizard is heavily wounded.
The orc wizard gestures at you while chanting.
The magic dart hits you!
The orc wizard hits you but does no damage.
You block the orc wizard's attack.
You completely miss the orc wizard.
The orc wizard is heavily wounded.
The orc wizard barely misses you.
The orc wizard hits you but does no damage.
You barely miss the orc wizard.
The orc wizard is heavily wounded.
The orc wizard hits you but does no damage.
You block the orc wizard's attack.
You hit the orc wizard but do no damage.
Your weapon exudes an aura of protection.
The orc wizard is heavily wounded.
The orc wizard casts a spell at you. The magic dart hits you!
The orc wizard casts a spell at you. The magic dart hits you!
You hit the orc wizard.
The orc wizard is severely wounded.
You block the orc wizard's attack. x2
You hit the orc wizard.
The orc wizard is almost dead.
The orc wizard casts a spell at you. The magic dart hits you!
You block the orc wizard's attack.
You hit the orc wizard.
You kill the orc wizard!
Okawaru accepts your kill.
The quokka bites you but does no damage.
You hit the quokka.
You kill the quokka!
Okawaru accepts your kill.
Your scale mail prevents you from hitting the ogre.
You block the ogre's attack. x2
Your shield and scale mail prevent you from hitting the ogre.
The ogre hits you but does no damage.
You barely miss the ogre.
The ogre hits you with a giant spiked club!
You hit the ogre.
Your weapon exudes an aura of protection.
The ogre is lightly wounded.
The ogre hits you but does no damage.
You hit the ogre.
The ogre is moderately wounded.
The ogre hits you with a giant spiked club!!
* * * LOW HITPOINT WARNING * * *
You sock the ogre!
The ogre is severely wounded.
The ogre hits you with a giant spiked club!
* * * LOW HITPOINT WARNING * * *
You aren't carrying any items that you can evoke.
Unknown command.
You hit the ogre.
The ogre is almost dead.
The ogre hits you with a giant spiked club!!
You die...

.#..###..####.......
.......[........ ...
.............. ...
#........#..# ...... ..
#..P.P......####.##.###.
#..._...#÷.............
#..P.P..#....O........#
#.............###.....#
#.............O@......#
###.....###....####.#..#§#
.........................#
........###.....###.##..##
##........#.....# #..# #
#......#.#.....# ##.#
#......#.#.#...## #.##
#......#.#.##...# #..#
#......#.#.##.#.####.#


You could see an ogre.

Vanquished Creatures
  4 slaves
  A phantom (D:4)
  A scorpion (D:3)
  2 howler monkeys
  Crazy Yiuf (D:3)
  An orc priest (D:5)
  2 orc wizards
  Jessica (D:4)
  An iguana (D:4)
  A worker ant (Temple)
  5 adders
  2 worms
  A dart slug (D:1)
  5 leopard geckos
  9 orcs
  3 ball pythons
  5 bats
  7 giant cockroaches
  8 goblins
  9 hobgoblins
  4 jackals (D:3)
  6 quokkas
  3 frilled lizards
  7 kobolds
  A leopard gecko skeleton (D:5)
  5 rats
95 creatures vanquished.

Notes
Turn   | Place    | Note
-------+----------+-------------------------------------------
     0 | D:1      | Amnesiac the Deep Elf Fighter began the quest for the Orb.
     0 | D:1      | Reached XP level 1. HP: 13/13 MP: 3/3
    53 | D:1      | Reached skill level 1 in Dodging
    73 | D:1      | Reached XP level 2. HP: 14/18 MP: 4/4
   497 | D:1      | Reached XP level 3. HP: 14/22 MP: 5/5
   875 | D:2      | Learned a level 2 spell: Blink
  1409 | D:2      | Found a glowing golden altar of the Shining One.
  1415 | D:2      | Found a snail-covered altar of Cheibriados.
  1834 | D:3      | Reached XP level 4. HP: 27/27 MP: 6/6
  1942 | D:3      | Found a runed door.
  1976 | D:3      | Found a stormy altar of Qazlal.
  2641 | D:3      | Noticed Crazy Yiuf
  2711 | D:3      | Killed Crazy Yiuf
  2711 | D:3      | Reached XP level 5. HP: 32/32 MP: 7/7
  2822 | D:4      | Noticed a slave
  2853 | D:3      | Killed a slave
  2945 | D:4      | Noticed Pikel
  2950 | D:4      | Noticed a slave
  2950 | D:4      | Noticed a slave
  2951 | D:4      | Noticed a slave
  3018 | D:4      | HP: 1/33 [iguana (7)]
  3023 | D:4      | Reached XP level 6. HP: 13/38 MP: 8/8
  3183 | D:4      | Learned a level 3 spell: Mephitic Cloud
  3254 | D:4      | Killed a slave
  3336 | D:4      | Noticed Jessica
  3346 | D:4      | Killed a slave
  3356 | D:4      | Killed a slave
  3543 | D:4      | Found a staircase to the Ecumenical Temple.
  3595 | Temple   | Entered the Ecumenical Temple
  4249 | D:4      | Found an iron altar of Okawaru.
  4251 | D:4      | Found a burning altar of Makhleb.
  4262 | D:4      | Became a worshipper of Warmaster Okawaru
  4357 | D:4      | Found a bloodstained altar of Trog.
  4540 | D:4      | Found a glowing silver altar of Zin.
  4645 | D:5      | Entered Level 5 of the Dungeon
  4712 | D:4      | Killed Jessica
  4722 | D:4      | Found a deep blue altar of Sif Muna.
  5032 | D:5      | Found a basalt altar of Yredelemnul.
  5064 | D:5      | Reached XP level 7. HP: 44/44 MP: 9/9
  5086 | D:5      | Mangled by an ogre

Vault maps used:
D:1:      minmay_arrival_loop, nrook_mini_vaults
D:2:      overflow_temple_1_default, cheibriados_altar_1, first_ration,
          minmay_tetromino_i4
D:3:      grunt_qazlal_sundering, uniq_crazy_yiuf_cottage
D:4:      lemuel_coloured_pillars_altar, bloody_makhleb, tgw_sif,
          lemuel_crystal_altar, minmay_temple_entry_statues, fountainhead,
          trog_butcher_becter, uniq_pikel
D:5:      yredelemnul_altar_generic, serial_shops, nicolae_shop_waterfront,
          serial_bayou_ford_a, kennysheep_generic_room_13
Temple:   oiseaux_autumnal_temple

Skill      XL: |  1  2  3  4  5  6 |
---------------+-------------------+-----
Dodging        | 2 3 4 |  4.5
Long Blades    | 2 |  2.0
Fighting       | 3 4 |  4.4
Armour         | 3 4 |  4.4
Shields        | |  2.4

Action                   |  1- 3 |  4- 6 |  7- 9 || total
-------------------------+-------+-------+-------++-------
Melee: Long sword        |   131 |       |       ||   131
       Mace              |    28 |   231 |    17 ||   276
  Use: Potion            |     1 |     4 |       ||     5
       Scroll            |       |    11 |       ||    11
  Eat: Chunk             |     3 |    11 |       ||    14
Armor: Scale mail        |    70 |   115 |    11 ||   196
Dodge: Dodged            |    54 |    90 |     1 ||   145
Block: Shield            |    83 |   119 |    11 ||   213
       Rpst.: Long sword |     8 |       |       ||     8

Table legend:
 A = Non-vault XP
 B = Vault XP
 C = Vault XP percentage of total XP
 D = Non-vault monster count
 E = Vault monster count
 F = Vault count percentage of total count
                 A         B        C        D         E       F
            +---------+---------+-------+---------+---------+-------
      Total |     690 |      93 |  11.9 |      83 |       8 |   8.8
            +---------+---------+-------+---------+---------+-------
        D:1 |      48 |       0 |   0.0 |      24 |       0 |   0.0
        D:2 |      11 |       9 |  45.0 |       6 |       3 |  33.3
        D:3 |     257 |      44 |  14.6 |      38 |       2 |   5.0
        D:4 |     222 |      40 |  15.3 |       5 |       3 |  37.5
        D:5 |     116 |       0 |   0.0 |       9 |       0 |   0.0
     Temple |      36 |       0 |   0.0 |       1 |       0 |   0.0
            +---------+---------+-------+---------+---------+-------
